 Dungeon Crawl Stone Soup version 0.28.0-53-g5a82cb258f (webtiles) character file.

Game seed: 18219673236025043377

92556 KrombopulosMichael the Warrior (level 16, 0/139 HPs)
             Began as a Formicid Hunter on June 7, 2022.
             Was a Priest of Ashenzari.
             Slain by Snorg (11 damage)
             ... on level 6 of the Lair of Beasts.
             The game lasted 01:18:24 (30255 turns).

KrombopulosMichael the Warrior (Formicid Hunter)   Turns: 30255, Time: 01:18:25

Health: 0/139      AC: 18    Str: 26    XL:     16   Next: 54%
Magic:  37/37      EV: 11    Int: 16    God:    Ashenzari [***...]
Gold:   1845       SH: 27    Dex: 17    Spells: 35/43 levels left

rFire   + + .      SeeInvis +   C - +7 trident "Chained Affliction" {freeze, Int+7 Stlth+, Fort, Comp} (curse)
rCold   + . .      Faith    .   U - +2 tower shield {rPois}
rNeg    . . .      Spirit   .   R - +2 chain mail {rF+}
rPois   +          Reflect  +   (helmet unavailable)
rElec   .          Harm     .   T - scarf "Share My Mutualism" {rC+ rF+, Evo, Self} (curse)
rCorr   +          Rampage  .   B - +0 pair of gloves "At What Cost Knowledge?" {rCorr Str+9 Int-4 Stlth+, Evo, Melee} (curse)
Will    ++...      Clarity  +   q - +0 pair of boots
Stlth   +++.......              i - amulet of Cremastomancy {Reflect SH+5, Fort, Cun} (curse)
HPRegen 0.33/turn               e - ring "Ruined With Me" {Slay+4, Fort, Evo} (curse)
MPRegen 0.25/turn               M - ring "Osaemukh" {Will+ SInv}

@: studying Spellcasting
A: permanent stasis, dig shafts and tunnels, antennae 3, four strong arms, high
MP 1, mutation resistance 1
a: Dig, Shaft Self, Renounce Religion, Shatter the Chains


You were on level 6 of the Lair of Beasts.
You worshipped Ashenzari.
Ashenzari was most pleased with you.
You visited 4 branches of the dungeon, and saw 24 of its levels.
You also visited: Gauntlet and Volcano.

You collected 2632 gold pieces.
You spent 787 gold pieces at shops.

Inventory:

Hand Weapons
 C - the cursed +7 trident "Chained Affliction" (weapon) {freeze, Int+7 Stlth+, Fort, Comp}
   (You found it on level 8 of the Dungeon)

   It freezes those it strikes, dealing additional cold damage.
   It can also slow down cold-blooded creatures.
   Int:       It affects your intelligence (+7).
   Stlth:     It makes you more stealthy.
   It has a curse which improves the following skills: Fortitude: Armour and
   Shields.
   Companions: Summonings and Necromancy.
Missiles
 c - 13 javelins (quivered)
 x - 2 silver boomerangs
Armour
 q - a +0 pair of boots (worn)
 B - the cursed +0 pair of gloves "At What Cost Knowledge?" (worn) {rCorr Str+9 Int-4 Stlth+, Evo, Melee}
   (You bought it in a shop on level 2 of the Orcish Mines)

   Str:       It affects your strength (+9).
   Int:       It affects your intelligence (-4).
   rCorr:     It protects you from acid and corrosion.
   Stlth:     It makes you more stealthy.
   It has a curse which improves the following skills: Evocations: Evocations.
   Melee Combat: Short Blades, Long Blades, Axes, Maces & Flails, Polearms,
   Staves and Unarmed Combat.
 R - a +2 chain mail of fire resistance (worn)
 T - the cursed scarf "Share My Mutualism" (worn) {rC+ rF+, Evo, Self}
   (You found it on level 3 of the Lair of Beasts)

   It has a curse which improves the following skills: Evocations: Evocations.
   Introspection: Fighting and Spellcasting.
 U - a +2 tower shield of poison resistance (worn)
Jewellery
 e - the cursed ring "Ruined With Me" (left hand) {Slay+4, Fort, Evo}
   (You found it on level 3 of the Dungeon)

   [ring of slaying]

   Slay:      It affects your accuracy & damage with ranged weapons and melee
   (+4).
   It has a curse which improves the following skills: Fortitude: Armour and
   Shields.
   Evocations: Evocations.
 i - the cursed amulet of Cremastomancy (around neck) {Reflect SH+5, Fort, Cun}
   (You found it on level 1 of the Dungeon)

   [amulet of reflection]

   It reflects blocked missile attacks.
   SH:        It affects your SH (+5).
   It has a curse which improves the following skills: Fortitude: Armour and
   Shields.
   Cunning:   Dodging and Stealth.
 s - a ring of wizardry
 w - an amulet of regeneration
 G - a ring of flight
 H - an amulet of guardian spirit
 M - the ring "Osaemukh" (right hand) {Will+ SInv}
   (You found it in a Gauntlet)

   [ring of willpower]

   SInv:      It lets you see invisible.
   Will:      It increases your willpower.
Wands
 f - a wand of digging (8)
 n - a wand of polymorph (6)
 y - a wand of flame (32)
 D - a wand of charming (5)
 O - a wand of iceblast (6)
Scrolls
 b - 4 scrolls of noise
 d - a scroll of torment
 g - 4 scrolls of vulnerability
 h - 4 scrolls of fear
 j - a scroll of silence
 k - 7 scrolls of immolation
 t - 2 scrolls of brand weapon
 E - 3 scrolls of amnesia
 I - 2 scrolls of magic mapping
 J - 3 scrolls of summoning
 K - 4 scrolls of enchant weapon
 L - 3 scrolls of fog
Potions
 l - a potion of cancellation
 o - a potion of magic
 r - 7 potions of curing
 u - 3 potions of brilliance
 v - 4 potions of attraction
 z - a potion of heal wounds
 A - 3 potions of mutation
 F - 2 potions of might
 N - a potion of invisibility
 P - 2 potions of flight
Miscellaneous
 a - a condenser vane
 p - a phial of floods (inert)
 Q - a tin of tremorstones (2/2)


   Skills:
 * Level 15.1(16.6) Fighting
 - Level 3.6(5.1) Short Blades
 - Level 12.5(14.0) Polearms
 + Level 9.0 Throwing
 + Level 12.0(15.2) Armour
 + Level 6.2(7.9) Dodging
 + Level 6.6(8.2) Stealth
 - Level 12.9(16.0) Shields
 * Level 12.6(14.1) Spellcasting
 + Level 1.2 Hexes
 + Level 0.2(0.6) Summonings
 + Level 4.1(7.0) Evocations


You had 35 spell levels left.
You knew the following spells:

 Your Spells              Type           Power      Damage    Failure   Level
a - Slow                  Hex            60%        N/A       32%         1
b - Passwall              Tmut/Erth      9%         N/A       63%         2
c - Mephitic Cloud        Conj/Pois/Air  11%        N/A       86%         3
d - Call Imp              Summ           13%        N/A       54%         2

Your spell library contained the following spells:

 Spells                   Type           Power      Damage    Failure   Level
 Summon Small Mammal      Summ           52%        N/A       41%         1
 Animate Skeleton         Necr           22%        N/A       45%         1
 Apportation              Tloc           22%        N/A       50%         1
 Freeze                   Ice            44%        1d6       50%         1
 Magic Dart               Conj           44%        1d5       50%         1
 Sandblast                Erth           22%        2d7       50%         1
 Sublimation of Blood     Necr           11%        N/A       61%         2
 Scorch                   Fire           22%        2d6       63%         2
 Static Discharge         Conj/Air       11%        N/A       63%         2
 Confusing Touch          Hex            15%        N/A       69%         3
 Summon Guardian Golem    Hex/Summ       14%        N/A       75%         3
 Portal Projectile        Hex/Tloc       26%        N/A       77%         3
 Call Canine Familiar     Summ           13%        N/A       78%         3
 Vampiric Draining        Necr           11%        2d6       83%         3
 Frozen Ramparts          Ice            22%        1d4       86%         3
 Ozocubu's Armour         Ice            11%        N/A       86%         3
 Stone Arrow              Conj/Erth      22%        3d8       86%         3
 Airstrike                Air            5%         N/A       99%         4
 Dispel Undead            Necr           11%        3d9       99%         4
 Flame Wave               Conj/Fire      11%        2d5       99%         4
 Leda's Liquefaction      Hex/Erth       6%         N/A       99%         4
 Petrify                  Tmut/Erth      11%        N/A       99%         4
 Sticky Flame             Conj/Fire      11%        2d3       99%         4
 Summon Lightning Spire   Summ/Air       12%        N/A       99%         4
 Irradiate                Conj/Tmut      5%         3d15      100%        5
 Lightning Bolt           Conj/Air       5%         1d17      100%        5
 Manifold Assault         Tloc           11%        N/A       100%        5
 Iron Shot                Conj/Erth      5%         9d2       100%        6
 Summon Cactus Giant      Summ           6%         N/A       100%        6
 Orb of Destruction       Conj           5%         9d5       100%        7
 Ozocubu's Refrigeration  Ice            5%         4d6       100%        7
 Spellforged Servitor     Conj/Summ      6%         N/A       100%        7
 Storm Form               Tmut/Air       5%         N/A       100%        7
 Maxwell's Capacitive Co  Air            5%         ∞         100%        8
 Fire Storm               Conj/Fire      5%         8d2       100%        9
 Blink                    Tloc           Unusable   N/A       N/A         2

Dungeon Overview and Level Annotations

Branches:
Dungeon (15/15)            Temple (1/1) D:4            Lair (6/6) D:11
  Swamp (0/4) Lair:2       Spider (0/4) Lair:4        Slime (0/5) Lair:5
    Orc (2/2) D:12            Elf (0/3) Orc:2        Vaults (0/5) D:13
 Depths (0/4) D:15        Volcano (visited)         Gauntlet (visited)

Altars:
Ashenzari
Cheibriados
Dithmenos
Elyvilon
Fedhas
Gozag
Hepliaklqana
Kikubaaqudgha
Makhleb
Nemelex Xobeh
Okawaru
Qazlal
Ru
Sif Muna
Trog
Uskayaw
Vehumet
Wu Jian
Xom
Yredelemnul
Zin
The Shining One
Beogh
Jiyva

Shops:
D:5 *   D:15 *   Orc:2 *[=(

Annotations:
D:11 3 runed translucent doors, RatsInWalls's ghost, journeyman HuCA
D:15 3 runed translucent doors, exclusion: obsidian statue, MadAsgardian's ghost, journeyman TrMo
Lair:6 Snorg
Orc:2 2 transporters, GilGalad's ghost, journeyman MiFi


Innate Abilities, Weirdness & Mutations

You cannot be hasted, slowed, berserked, paralysed or teleported.
You can dig through walls and to a lower floor.
You have a pair of large antennae on your head. (SInv)
Your four strong arms can wield two-handed weapons with a shield.
You have an increased reservoir of magic. (+10% MP)
You are somewhat resistant to further mutation.


Message History

You hear a loud, deep croak!
You hear a bellow! x6; You hear a croak.
You hear a roar!
Snorg bites you!! You block Snorg's attack. x2
Unknown command.
Unknown command.
Unknown command.
Unknown command.
Your unstable footing causes you to fumble your attack.
You block Snorg's attack. x2; Snorg completely misses you.
You block the yak's attack.
Unknown command.
Unknown command.
You miss the blink frog.
The blink frog is severely wounded.
You block the blink frog's attack. You block Snorg's attack.
Snorg barely misses you. You block Snorg's attack.
The blink frog blinks!
You block the yak's attack.
Unknown command.
Unknown command.
Your unstable footing causes you to fumble your attack.
You block the blink frog's attack. You block Snorg's attack. x2
Snorg barely misses you.
Unknown command.
Unknown command.
The blink frog hits you but does no damage.
You block the yak's attack.
The blink frog blinks!
Snorg bites you!!
* * * LOW HITPOINT WARNING * * *
Snorg claws you but does no damage. You block Snorg's attack.
The blink frog hits you.
* * * LOW HITPOINT WARNING * * *
Unknown command.
Snorg rages.
You block the blink frog's attack.
Unknown command.
You block Snorg's attack. x3; The blink frog hits you!
* * * LOW HITPOINT WARNING * * *
You hear an angry hiss.
Unknown command.
Snorg bites you!
You die...

**,,, ,.....## **,, ,
*, , * ,#....# ** , ,
.,* ,#...#### * ,, *
*##... #...#..# * ,
#..... #....####* **,
* #..<..
##♣.<..##.#..P , ..,
.....##....#........
,,, * * ...
*#...#..#.†##...#.PP.
...###.♣.###@...)...#*
#.**
#....#?..{#TF..#...##
*** *
**..........Y=.#....##
* *, #...≈..Fk..#....#
* * #.#..≈≈≈≈≈###..###
* *##.#≈†≈###*...# ,,
*#..#.♣≈# ...# * ,
.#...†'# * .##
.P........# * ***


You could see Snorg (berserk, unsilenced, waterlogged), a yak (waterlogged), 2
blink frogs and a rime drake.

Vanquished Creatures
  An orc warlord (Orc:2)
  A minotaur (Gauntlet)
  An ettin (Orc:2)
  7 hydras
  3 vault guards (D:13)
  A rakshasa (D:14)
  Erolcha (D:13)
  A boulder beetle (D:12)
  A death knight (D:15)
  10 centaur warriors
  4 two-headed ogres
  2 orc high priests
  2 tengu warriors (D:15)
  Nergalle (Lair:2)
  Urug (D:13)
  A death yak (Lair:3)
  9 skeletal warriors
  2 deep trolls
  4 wizards
  A bog body (Lair:3)
  3 lindwurms
  A deep elf zephyrmancer (D:14)
  3 necromancers
  6 ugly things
  2 deep elf pyromancers
  6 cyclopes
  5 orc knights
  2 orc sorcerers (Orc:2)
  2 manticores (D:12)
  Joseph (Lair:1)
  A torpor snail (Lair:2)
  8 black mambas
  An ice statue (Lair:3)
  4 molten gargoyles (Volcano)
  2 toenail golems (Volcano)
  An apocalypse crab (Gauntlet)
  A rime drake (shapeshifter) (D:14)
  A gargoyle (D:14)
  7 cane toads
  A kobold demonologist (D:12)
  11 komodo dragons
  A rime drake (Lair:1)
  3 efreet
  2 ice devils (Lair:3)
  2 tengu conjurers
  2 freezing wraiths
  A queen bee (Gauntlet)
  6 trolls
  7 meliai
  A wind drake (shapeshifter) (D:13)
  9 polar bears
  2 hornets (Gauntlet)
  16 blink frogs
  8 slime creatures
  A centaur simulacrum (D:15)
  A culicivora (Lair:4)
  2 jumping spiders (Lair:4)
  2 shadows (D:9)
  3 wyverns
  A vampire (D:12)
  5 fire elementals (Volcano)
  17 humans (D:13)
  50 yaks
  2 wraiths
  Grum (Lair:1)
  5 vampire mosquitoes
  6 basilisks
  A steam dragon (D:9)
  An acid dragon (D:12)
  6 wargs
  9 water moccasins
  32 orc warriors
  A sky beast (D:6)
  2 black bears
  8 ogres
  16 wolves
  5 boggarts (D:15)
  10 centaurs
  2 phantoms
  2 kobold brigands
  12 bullfrogs
  2 scorpions
  A two-headed ogre simulacrum (Lair:3)
  2 gnoll sergeants
  A cane toad simulacrum (Lair:3)
  A wyvern skeleton (D:6)
  A water moccasin skeleton (D:5)
  10 killer bees
  4 wights (D:9)
  An electric eel (Lair:2)
  2 howler monkeys
  A bullfrog zombie (D:5)
  A centaur zombie (D:10)
  4 jellies
  16 orc priests
  A hound (D:4)
  2 bullfrog skeletons
  2 centaur skeletons
  4 iguanas
  24 orc wizards
  2 polar bear simulacra (Lair:3)
  A hound zombie (D:5)
  A howler monkey zombie (D:11)
  8 gnolls
  6 adders
  A shadow imp (D:7)
  2 white imps
  An adder skeleton (D:4)
  3 worms
  4 dart slugs
  87 orcs
  2 endoplasms
  A giant cockroach (D:1)
  3 hobgoblins
  13 jackals
  3 quokkas
  4 ball pythons
  4 bats
  5 goblins
  14 kobolds
  2 rats
  2 fire vortices (Volcano)
635 creatures vanquished.

Vanquished Creatures (others)
  An orc (D:15)
  10 fungi
  34 plants
45 creatures vanquished.

Grand Total: 680 creatures vanquished

Notes
Turn   | Place    | Note
-------+----------+-------------------------------------------
     0 | D:1      | KrombopulosMichael the Formicid Hunter began the quest for
                  | the Orb.
     0 | D:1      | Reached XP level 1. HP: 16/16 MP: 1/1
   103 | D:1      | Reached XP level 2. HP: 16/22 MP: 2/2
   664 | D:1      | Reached XP level 3. HP: 24/27 MP: 3/3
  1028 | D:1      | Found a faded altar of an unknown god.
  2165 | D:3      | Reached XP level 4. HP: 28/34 MP: 4/4
  2241 | D:3      | Reached skill level 1 in Armour
  2946 | D:4      | Noticed a phantom
  2979 | D:4      | Killed a phantom
  2980 | D:4      | Reached skill level 3 in Fighting
  2980 | D:4      | Reached skill level 1 in Shields
  2980 | D:4      | Reached XP level 5. HP: 37/41 MP: 5/5
  3124 | D:4      | Found a staircase to the Ecumenical Temple.
  3143 | D:4      | Noticed an ogre
  3159 | D:4      | Reached XP level 6. HP: 45/47 MP: 6/6
  3161 | Temple   | Entered the Ecumenical Temple
  3318 | Temple   | Became a worshipper of Ashenzari the Shackled
  3351 | D:4      | Killed an ogre
  3352 | D:4      | Reached skill level 5 in Throwing
  3511 | D:4      | Noticed an ogre
  3522 | D:4      | Killed an ogre
  3523 | D:4      | Reached XP level 7. HP: 34/52 MP: 7/7
  3944 | D:4      | Learned a level 1 spell: Slow
  3947 | D:4      | Learned a level 2 spell: Passwall
  4234 | D:5      | Entered Level 5 of the Dungeon
  4309 | D:5      | Found Emepim's CLEARANCE SALE!.
  4314 | D:5      | Bought a potion of degeneration for 6 gold pieces
  4314 | D:5      | Bought a potion of attraction for 18 gold pieces
  4620 | D:5      | Reached skill level 4 in Fighting
  4729 | D:5      | Reached XP level 8. HP: 53/60 MP: 8/8
  5108 | D:6      | Found a hide-covered altar of Uskayaw.
  5108 | D:6      | Found a basalt altar of Yredelemnul.
  5118 | D:6      | Reached skill level 5 in Armour
  5227 | D:6      | Found an iron altar of Okawaru.
  5345 | D:6      | Found a bloodstained altar of Trog.
  5663 | D:6      | Reached * piety under Ashenzari
  6553 | D:7      | Reached skill level 5 in Shields
  6563 | D:7      | Reached skill level 5 in Fighting
  6563 | D:7      | Reached XP level 9. HP: 68/68 MP: 9/9
  6592 | D:7      | Reached ** piety under Ashenzari
  6660 | D:7      | Found a radiant altar of Vehumet.
  6739 | D:7      | Learned a level 3 spell: Mephitic Cloud
  6742 | D:7      | Learned a level 2 spell: Call Imp
  6821 | D:7      | Gained mutation: You are somewhat resistant to further
                  | mutation. [potion of mutation]
  6821 | D:7      | Gained mutation: You have an increased reservoir of magic.
                  | (+10% MP) [potion of mutation]
  6973 | D:8      | Identified the +7 trident of Goam {freeze, Int+7 Stlth+}
  7059 | D:8      | Identified the +1 chain mail of Eternity {Stlth+}
  7160 | D:8      | Reached skill level 1 in Evocations
  7855 | D:8      | Reached skill level 1 in Short Blades
  8325 | D:8      | Reached XP level 10. HP: 43/77 MP: 11/11
  8666 | D:9      | Reached skill level 6 in Fighting
  9133 | D:9      | Found a burning altar of Makhleb.
  9411 | D:10     | Entered Level 10 of the Dungeon
  9437 | D:10     | Reached skill level 1 in Polearms
  9851 | D:10     | Reached XP level 11. HP: 83/83 MP: 12/12
 10440 | D:11     | Reached skill level 5 in Polearms
 10649 | D:11     | Noticed a two-headed ogre
 10657 | D:11     | Reached skill level 7 in Fighting
 10677 | D:11     | Killed a two-headed ogre
 10723 | D:11     | Noticed a two-headed ogre
 10730 | D:11     | Killed a two-headed ogre
 10776 | D:11     | Found a staircase to the Lair.
 10800 | D:11     | Found a runed translucent gate.
 10800 | D:11     | Found a runed translucent gate.
 10800 | D:11     | Found a runed translucent gate.
 10809 | D:11     | Noticed RatsInWalls's ghost (journeyman HuCA)
 10809 | D:11     | Noticed a glowing orange brain
 10813 | D:11     | Found a viscous altar of Jiyva.
 11358 | D:12     | Noticed a boulder beetle
 11423 | D:12     | Killed a boulder beetle
 11595 | D:12     | Reached skill level 10 in Shields
 11957 | D:12     | Found a staircase to the Orcish Mines.
 11961 | D:12     | Reached skill level 8 in Fighting
 12110 | D:12     | Reached XP level 12. HP: 92/92 MP: 13/13
 12360 | D:12     | Noticed a centaur warrior
 12360 | D:12     | Noticed a death knight
 12391 | D:12     | Killed a centaur warrior
 13051 | D:12     | Reached skill level 9 in Fighting
 13126 | D:12     | Identified the +1 broad axe "Netza Uqio" {venom, rPois rN+
                  | Str+3 Dex-5}
 13314 | Orc:1    | Entered Level 1 of the Orcish Mines
 13314 | Orc:1    | Noticed an orc high priest
 13625 | D:13     | Found a gate leading to a gauntlet.
 13632 | Gauntlet | Entered a Gauntlet
 13632 | Gauntlet | Found a transporter.
 13632 | Gauntlet | Found a transporter.
 13636 | Gauntlet | Found a transporter.
 13638 | Gauntlet | Found a transporter.
 13643 | Gauntlet | Found a transporter.
 13688 | Gauntlet | Found a transporter.
 13704 | Gauntlet | Identified a scroll of acquirement
 13706 | Gauntlet | Found a transporter.
 13720 | Gauntlet | Found a transporter.
 13739 | Gauntlet | Found a transporter.
 13739 | Gauntlet | Identified the ring "Osaemukh" {Will+ SInv}
 13818 | Gauntlet | Found a transporter.
 13818 | Gauntlet | Identified the ring "Inuofuynk" {rC- Int+4 SInv}
 13827 | Gauntlet | Found a transporter.
 13854 | Gauntlet | Found a transporter.
 13857 | Gauntlet | Found a transporter.
 13859 | Gauntlet | Found a large runed translucent door.
 13860 | Gauntlet | Found a large runed translucent door.
 13861 | Gauntlet | Found a large runed translucent door.
 13861 | Gauntlet | Found a large runed translucent door.
 13861 | Gauntlet | Found a runed translucent door.
 13861 | Gauntlet | Found a runed translucent door.
 13862 | Gauntlet | Found a large runed translucent door.
 13863 | Gauntlet | Found a large runed translucent door.
 13863 | Gauntlet | Found a large runed translucent door.
 13863 | Gauntlet | Found a large runed translucent door.
 13864 | Gauntlet | Found a large runed translucent door.
 13865 | Gauntlet | Found a large runed translucent door.
 13870 | Gauntlet | Found a large runed translucent door.
 13870 | Gauntlet | Found a large runed translucent door.
 13871 | Gauntlet | Found a large runed translucent door.
 13871 | Gauntlet | Found a large runed translucent door.
 13871 | Gauntlet | Found a large runed translucent door.
 13871 | Gauntlet | Found a large runed translucent door.
 13875 | Gauntlet | Found a runed translucent gate.
 13875 | Gauntlet | Found a runed translucent gate.
 13875 | Gauntlet | Found a runed translucent gate.
 13877 | Gauntlet | Found a transporter.
 13877 | Gauntlet | Identified the ring of Twilight {Wiz rPois}
 13879 | Gauntlet | Noticed a hell beast
 13962 | Gauntlet | Found a transporter.
 13962 | Gauntlet | Found a transporter.
 14201 | Gauntlet | Acquired a manual of Spellcasting
 14335 | Gauntlet | Identified the Incunabulum of the Excruciating Glacier
 14335 | Gauntlet | Noticed a minotaur
 14353 | Gauntlet | Killed a minotaur
 14354 | Gauntlet | Reached skill level 1 in Spellcasting
 14597 | D:13     | Noticed a two-headed ogre
 14605 | D:13     | Noticed a two-headed ogre
 14606 | D:13     | Killed a two-headed ogre
 14618 | D:13     | Killed a two-headed ogre
 14691 | D:13     | Reached skill level 10 in Armour
 14691 | D:13     | Reached XP level 13. HP: 97/101 MP: 19/19
 14836 | D:13     | Noticed Urug
 14863 | D:13     | Killed Urug
 15002 | D:13     | Noticed a centaur warrior
 15013 | D:13     | Killed a centaur warrior
 15316 | D:13     | Reached skill level 10 in Fighting
 15331 | D:13     | Reached skill level 5 in Dodging
 15370 | D:13     | Reached skill level 5 in Spellcasting
 15371 | D:13     | Noticed Sonja
 15374 | D:13     | Noticed Sonja
 15374 | D:13     | Sonja changed into Sonja the meliai
 15381 | D:13     | Killed Sonja the meliai
 15382 | D:13     | Reached skill level 5 in Stealth
 15390 | D:13     | Noticed a vault guard
 15639 | D:13     | Noticed a centaur warrior
 15639 | D:13     | Noticed a centaur warrior
 15639 | D:13     | Noticed a centaur warrior
 15657 | D:12     | Reached skill level 10 in Polearms
 16014 | Orc:1    | Reached *** piety under Ashenzari
 16078 | Orc:2    | Entered Level 2 of the Orcish Mines
 16386 | Orc:2    | Found a transporter.
 16457 | Orc:2    | Noticed GilGalad's ghost (journeyman MiFi)
 16715 | Orc:2    | Noticed an ettin
 16727 | Orc:2    | Killed an ettin
 16761 | Orc:2    | Identified the cursed +2 pair of gloves of Ashenzari's
                  | Seeker {Evo, Self} (You found it on level 10 of the
                  | Dungeon)
 17670 | Orc:2    | Found a staircase to the Elven Halls.
 17937 | Orc:2    | Noticed an orc warlord
 17940 | Orc:2    | Reached skill level 1 in Hexes
 17959 | Orc:2    | Killed an orc warlord
 17960 | Orc:2    | Reached XP level 14. HP: 49/116 MP: 27/29
 18301 | Orc:2    | Reached skill level 11 in Fighting
 18520 | Orc:2    | Found a transporter.
 18614 | Orc:2    | Found Irounof's Jewellery Shop.
 18637 | Orc:2    | Found Verim's General Store.
 18647 | Orc:2    | Bought a scroll of summoning for 161 gold pieces
 18647 | Orc:2    | Bought a +2 chain mail of fire resistance for 365 gold
                  | pieces
 18692 | Orc:2    | Found Conoino's Antique Armour Shop.
 18698 | Orc:2    | Bought a pair of fading gloves for 237 gold pieces
 18698 | Orc:2    | Identified the +0 pair of gloves "Othreox" {rCorr Str+9
                  | Int-4 Stlth+} (You bought it in a shop on level 2 of the
                  | Orcish Mines)
 18713 | Orc:2    | Found Jaher's Antique Weapon Shop.
 19555 | D:13     | Found a gate to the Vaults.
 20075 | D:13     | Noticed Erolcha
 20079 | D:13     | Killed Erolcha
 20363 | D:14     | Found an iron altar of Okawaru.
 20375 | D:15     | Entered Level 15 of the Dungeon
 20583 | D:15     | Found a staircase to the Depths.
 21301 | D:14     | Reached skill level 12 in Fighting
 21531 | D:14     | Reached XP level 15. HP: 42/120 MP: 31/31
 22204 | D:14     | Reached skill level 10 in Spellcasting
 23577 | D:15     | Found a runed translucent gate.
 23577 | D:15     | Found a runed translucent gate.
 23577 | D:15     | Found an opulent altar of Gozag.
 23578 | D:15     | Found a runed translucent gate.
 23579 | D:15     | Noticed MadAsgardian's ghost (journeyman TrMo)
 23580 | D:15     | Found Unalling's Assorted Antiques.
 24909 | Lair:1   | Entered Level 1 of the Lair of Beasts
 24912 | Lair:1   | Noticed Grum
 24936 | Lair:1   | Killed Grum
 25225 | Lair:1   | Noticed Joseph
 25239 | Lair:1   | Killed Joseph
 25808 | Lair:2   | Reached skill level 13 in Fighting
 25847 | Lair:2   | Noticed Nergalle
 25860 | Lair:2   | Killed Nergalle
 25874 | Lair:2   | Found a staircase to the Swamp.
 27266 | Lair:3   | Reached XP level 16. HP: 120/132 MP: 34/34
 27738 | Lair:3   | Reached skill level 14 in Fighting
 28249 | Lair:4   | Reached **** piety under Ashenzari
 28721 | Lair:4   | Found a hole to the Spider Nest.
 28761 | Lair:4   | Identified the +2 helmet of Rumeny {Rampage Dex+4}
 29249 | Lair:5   | Found a dark tunnel.
 29280 | Volcano  | Entered a volcano
 29843 | Lair:5   | Found a staircase to the Slime Pits.
 29914 | Lair:5   | Reached skill level 15 in Fighting
 30164 | Lair:6   | Entered Level 6 of the Lair of Beasts
 30198 | Lair:6   | Acquired a +2 tower shield of poison resistance
 30232 | Lair:6   | Noticed Snorg
 30255 | Lair:6   | Slain by Snorg

Illustrated notes

Levels and vault maps discovered:
D:1:      wander_arrival_chamber, layout_loops_ring,
          shapermc_ecumenical_altar_notcrosses
D:2:      layout_basic
D:3:      layout_rooms
D:4:      layout_rooms, minmay_temple_entry_waves,
          hangedman_abyss_or_decor_stagger, serial_bayou_lagoon_a,
          minmay_misc_feat_pillars, kennysheep_diamond, interstate_on_off
D:5:      layout_rooms, nicolae_shop_clearance
D:6:      layout_basic, okawaru_gym_becter, mainiacjoe_overflow_surrounded_room,
          grunt_temple_overflow_open, chequers_serial_rivers_large_a
D:7:      layout_cave_pools, vehumet_altar_wand_db
D:8:      layout_gridville, special_room [special_room_orc]
D:9:      layout_gridville, lightli_temple_of_fire, grunt_ministairs_14
D:10:     layout_loops_ring
D:11:     layout_big_octagon, lair_entry_dummy, gammafunk_ghost_ooze
D:12:     layout_irregular_city, erik_orc_2, minmay_fractal_squares_gapless_7
D:13:     layout_loops_ring, grunt_vaults_entry_tiered, gauntlet_entry_generic,
          uniq_erolcha, uniq_sonja, uniq_urug
D:14:     layout_irregular_city, minmay_misc_feat_iff, minmay_ruined_shrine
D:15:     hangedman_depths_entry_civil_slaughter, layout_loops_ring,
          ebering_ghost_gozag
Temple:   nicolae_temple_elliptical
Lair:1:   layout_gridlike, uniq_joseph, uniq_grum
Lair:2:   layout_cellular_growth, swamp_mist, cheibrodos_lair_lostbears,
          lemuel_fruit_fields, serial_bayou_shore_a, uniq_nergalle
Lair:3:   dreamdust_isle_of_ice, layout_concentric_octagons
Lair:4:   layout_cave_pods, spider_nest_entry_funnel_web, beast_lair_carwin_4
Lair:5:   layout_cave_shapes, slime_dummy, nicolae_volcano_entry_vermiform
Lair:6:   due_jungle_book, layout_cave_pods, grunt_megastairs_5,
          serial_bayou_shore_b, uniq_snorg
Orc:1:    layout_caves
Orc:2:    grunt_orc_cross, layout_caves, gammafunk_ghost_stat_death

Skill      XL: |  1  2  3  4  5  6  7  8  9 10 11 12 13 14 15 16 |
---------------+-------------------------------------------------+-----
Dodging        | 2 3 4 5 6 |  6.2
Armour         | 2 3 4 5 7 8 9 10 11 12 | 12.0
Fighting       | 3 4 5 6 8 9 10 12 13 15 | 15.1
Shields        | 1 2 3 5 7 8 10 11 12 | 12.9
Throwing       | 5 6 7 8 9 |  9.0
Stealth        | 2 3 4 5 6 |  6.6
Evocations     | 1 2 3 4 |  4.1
Short Blades   | 1 3 |  3.6
Polearms       | 4 7 9 11 12 | 12.5
Spellcasting   | 3 6 9 11 12 | 12.6
Hexes          | 1 |  1.2
Summonings     | |  0.2

Action                   |  1- 3 |  4- 6 |  7- 9 | 10-12 | 13-15 | 16-18 || total
-------------------------+-------+-------+-------+-------+-------+-------++-------
Melee: Short sword       |    86 |       |       |       |       |       ||    86
       Punch             |     2 |     1 |       |       |       |       ||     3
       Dagger            |    37 |    80 |   191 |       |       |       ||   308
       Rapier            |       |       |   152 |    29 |       |       ||   181
       Trident           |       |       |       |   427 |  1021 |   316 ||  1764
Throw: Javelin           |     8 |     5 |    23 |    17 |    76 |     7 ||   136
       Boomerang         |       |       |     1 |     7 |       |       ||     8
       Throwing net      |       |       |       |     6 |     1 |       ||     7
 Cast: Slow              |       |       |       |       |     3 |       ||     3
Invok: Curse Item        |       |       |     3 |     1 |     4 |     1 ||     9
       Shatter the Chain |       |       |       |     1 |     2 |     1 ||     4
 Abil: Dig               |       |       |       |       |       |     1 ||     1
Evoke: Wand              |       |       |     8 |     8 |    21 |       ||    37
       Phial of floods   |       |       |       |     2 |     4 |     1 ||     7
       Condenser vane    |       |       |       |     1 |     3 |       ||     4
       Tin of tremorston |       |       |       |       |     6 |       ||     6
  Use: Potion            |     1 |     1 |     4 |     1 |     8 |     1 ||    16
       Scroll            |       |     4 |     2 |     2 |     1 |     1 ||    10
 Stab: Sleeping          |     2 |       |       |     4 |    10 |     8 ||    24
       Held in net/web   |       |       |       |     3 |       |       ||     3
       Distracted        |       |       |       |       |     2 |     1 ||     3
Armor: Leather armour    |     7 |       |       |       |       |       ||     7
       Ring mail         |    46 |    12 |    33 |       |       |       ||    91
       Skin              |       |    11 |       |       |    14 |       ||    25
       Chain mail        |       |       |    64 |    97 |   180 |    38 ||   379
Dodge: Dodged            |    74 |    34 |   108 |    80 |   144 |    40 ||   480
Block: Other             |    10 |    15 |       |       |       |       ||    25
       Buckler           |       |     8 |   120 |       |       |       ||   128
       Reflection        |       |     1 |     9 |    17 |    47 |     1 ||    75
       Kite shield       |       |       |    41 |   333 |   613 |   104 ||  1091
       Tower shield      |       |       |       |       |       |    41 ||    41
